 Dungeon Crawl Stone Soup version 0.21.0-3-g78d12a8bdd (webtiles) character file.

175412 MalkierKing the Severer (level 17, -4/238 HPs)
             Began as a Minotaur Berserker on Jan 11, 2018.
             Was the Champion of Trog.
             Slain by an eight-headed hydra (5 damage)
             ... on level 3 of the Swamp.
             The game lasted 04:16:37 (45436 turns).

MalkierKing the Severer (Minotaur Berserker)       Turns: 45436, Time: 04:16:38

Health: -4/238     AC: 16    Str: 33      XL:     17   Next: 47%
Magic:  0/5        EV: 18    Int:  4      God:    Trog [******]
Gold:   1454       SH:  0    Dex: 10 (12) Spells: 16/16 levels left

rFire    . . .     SeeInvis .   a - +4 executioner's axe (antimagic)
rCold    + . .     Gourm    .   (shield currently unavailable)
rNeg     + . .     Faith    .   Z - +0 swamp dragon scales
rPois    +         Spirit   +   (helmet restricted)
rElec    +         Reflect  .   H - scarf {repulsion}
rCorr    .         Harm     .   w - +1 pair of gloves {Dex+3}
MR       +....                  S - +0 pair of boots {run}
Stlth    ..........             t - amulet of guardian spirit
HPRegen  0.49/turn              L - +5 ring of strength
MPRegen  0.09/turn              B - ring of Compassion {rElec rC+ rN+ Str-5}

@: berserking, repel missiles, very quick
A: retaliatory headbutt, horns 2, clumsy 1, deterioration 1
a: Berserk, Trog's Hand, Brothers in Arms, Burn Spellbooks, Renounce Religion


You were on level 3 of the Swamp.
You worshipped Trog.
Trog was exalted by your worship.
You were very hungry.

You visited 6 branches of the dungeon, and saw 32 of its levels.
You visited 1 bazaar.

You collected 2304 gold pieces.
You spent 850 gold pieces at shops.

Inventory:

Hand Weapons
 a - a +4 antimagic executioner's axe (weapon)
 b - a +5 triple crossbow of flaming
 i - a +2 arbalest of flaming
 Y - a +3 executioner's axe of chopping
Missiles
 A - 249 bolts
Armour
 q - the +1 pair of gloves of the Peasants {+Fly rN+++ Int-4 Stlth-}
   (You acquired it on level 2 of the Swamp)

   It affects your intelligence (-4).
   It renders you almost immune to negative energy.
   It lets you fly.
   It makes you less stealthy.
 r - +0 ice dragon scales
 w - a +1 pair of gloves of dexterity (worn)
 H - a scarf of repulsion (worn)
 S - a +0 pair of boots of running (worn)
 Z - +0 swamp dragon scales (worn)
Jewellery
 t - an amulet of guardian spirit (around neck)
 B - the ring of Compassion (right hand) {rElec rC+ rN+ Str-5}
   (You found it on level 1 of the Spider Nest)

   [ring of positive energy]

   It affects your strength (-5).
   It protects you from cold.
   It insulates you from electricity.
   It protects you from negative energy.
 L - a +5 ring of strength (left hand)
 M - an uncursed ring of resist corrosion
Wands
 x - a wand of random effects (94)
 z - a wand of acid (11)
 J - a wand of iceblast (13)
 N - a wand of flame (118)
 P - a wand of disintegration (45)
 R - a wand of polymorph (38)
 U - a wand of digging (22)
 V - a wand of enslavement (20)
 W - a wand of paralysis (57)
Scrolls
 e - 7 scrolls of teleportation
 g - 19 scrolls of identify
 h - 10 scrolls of remove curse
 n - 2 scrolls of fog
 o - 3 scrolls of enchant armour
 p - 2 scrolls of summoning
 y - 4 scrolls of magic mapping
 C - 4 scrolls of fear
 I - 2 scrolls of immolation
 O - 4 scrolls of blinking
 T - 6 scrolls of torment
Potions
 d - a potion of invisibility {unknown}
 f - 4 potions of berserk rage {unknown}
 j - 4 potions of lignification {unknown}
 k - 2 potions of resistance {unknown}
 l - 4 potions of heal wounds
 m - 9 potions of curing
 s - 4 potions of flight
 v - 5 potions of might
 E - 2 potions of brilliance {unknown}
 F - 2 potions of haste {unknown}
 Q - 3 potions of agility
Miscellaneous
 K - a phial of floods
Comestibles
 c - 19 rations


   Skills:
 + Level 16.3 Fighting
 * Level 19.8 Axes
 + Level 13.4 Crossbows
 + Level 16.0 Armour
 + Level 14.9 Dodging


You had 16 spell levels left.
You didn't know any spells.

Dungeon Overview and Level Annotations

Branches:
Dungeon (15/15)            Temple (1/1) D:4            Lair (6/6) D:10
  Swamp (4/4) Lair:2       Spider (4/4) Lair:2        Slime (0/5) Lair:5
    Orc (2/2) D:10            Elf (0/3) Orc:2        Vaults (0/5) D:14
 Depths (0/5) D:15

Altars:
Ashenzari
Cheibriados
Dithmenos
Elyvilon
Fedhas
Gozag
Hepliaklqana
Kikubaaqudgha
Makhleb
Nemelex Xobeh
Okawaru
Qazlal
Ru
Sif Muna
Trog
Uskayaw
Vehumet
Wu Jian
Xom
Yredelemnul
Zin
The Shining One
Beogh

Shops:
D:10 !   Orc:2 !(*![

Portals:
Trove: D:11 (give horn of Geryon)


Innate Abilities, Weirdness & Mutations

You reflexively headbutt those who attack you in melee.
You have a pair of horns on your head.
You are clumsy. (Dex -2)
Your body sometimes deteriorates upon taking damage.


Message History

You feel a strong urge to attack something.
You lop one of the eight-headed hydra's heads off!
The seven-headed hydra grows two more!
You cut the nine-headed hydra into ribbons!!!
The nine-headed hydra is almost dead.
You barely miss the eight-headed hydra.
The nine-headed hydra bites you but does no damage.
The nine-headed hydra bites you!
* * * LOW HITPOINT WARNING * * *
The nine-headed hydra bites you.
* * * LOW HITPOINT WARNING * * *
The nine-headed hydra misses you.
The nine-headed hydra barely misses you.
The nine-headed hydra bites you!
* * * LOW HITPOINT WARNING * * *
The nine-headed hydra bites you but does no damage. x2
The nine-headed hydra closely misses you.
The eight-headed hydra bites you but does no damage.
The eight-headed hydra bites you.
You die...

♣.≈≈≈≈≈≈≈≈≈≈≈≈
♣≈≈≈≈≈≈≈≈≈≈≈.≈
♣♣.≈≈≈≈≈≈≈.≈≈≈ ♣♣♣♣
♣♣≈....≈≈.≈≈≈
♣...♣♣♣♣≈.≈♣≈.....≈≈
♣.≈≈≈≈≈≈≈.≈♣♣.♣♣≈...
♣≈≈.≈≈≈.♣♣♣♣♣≈≈≈♣♣♣≈
♣♣♣♣♣.≈§.♣♣♣ ♣.≈≈♣
♣♣
♣≈≈D@.≈≈≈..♣♣♣≈..♣
♣.
♣♣>D≈.≈≈≈≈.§♣♣♣♣♣♣
♣♣ ♣♣%.≈.§≈..)♣♣♣♣♣
♣ ♣..♣♣♣..≈≈≈♣...♣♣♣
♣..≈♣♣♣≈≈≈≈≈.≈≈≈≈♣
♣♣♣♣♣ ♣♣.......♣.≈♣
♣♣♣≈.≈..≈♣ ♣♣♣.≈≈.♣
♣♣.≈.♣


You could see a nine-headed hydra and an eight-headed hydra.

Vanquished Creatures
  A tentacled monstrosity (Swamp:2)
  A thorn hunter (Swamp:2)
  Gastronok (D:10)
  Frances (Spider:2)
  Kirke (D:13)
  Louise (D:15)
  2 ghost moths (Spider:3)
  An emperor scorpion (Spider:2)
  An entropy weaver (Spider:3)
  Azrael (D:12)
  Snorg (D:12)
  An ettin (Orc:1)
  Fannar (D:10)
  4 ogre magi
  Harold (Orc:1)
  4 vault guards (D:14)
  A ghost crab (Swamp:2)
  An ice dragon (D:11)
  13 hydras
  18 two-headed ogres
  2 centaur warriors
  11 alligators
  A death yak (shapeshifter) (D:14)
  3 tengu warriors
  A deep elf knight (D:14)
  Sonja (D:10)
  6 unseen horrors
  2 deep trolls
  2 sea snakes (Lair:6)
  A deep elf archer (D:15)
  3 swamp dragons
  12 orb spiders
  A lindwurm (Lair:5)
  2 wizards (D:15)
  2 deep elf magi (D:14)
  A harpy (Lair:6)
  3 orc knights
  4 orc sorcerers
  2 oklob plants
  22 wolf spiders
  15 ugly things
  A moth of wrath (Spider:3)
  5 manticores
  Maurice (Orc:1)
  3 centaur zombies
  3 cyclopes
  11 elephants
  A guardian serpent (D:14)
  A naga mage (D:15)
  7 spiny frogs
  7 rime drakes
  3 kobold demonologists (D:11)
  An efreet (D:15)
  7 demonic crawlers
  2 tengu conjurers
  19 komodo dragons
  7 polar bears
  12 trolls
  Grinder (D:6)
  16 jumping spiders
  A tyrant leech (Swamp:4)
  2 bog bodies
  3 slime creatures (Swamp:1)
  8 hornets
  12 dream sheep
  18 blink frogs
  10 hippogriffs
  A meliai zombie (D:14)
  5 shadows
  Sigmund (D:2)
  55 yaks
  15 tarantellas
  54 redbacks
  A vampire (D:15)
  3 fire elementals (D:12)
  5 hogs
  8 basilisks
  A human (D:14)
  4 wyverns
  13 vampire mosquitoes
  A hungry ghost (D:7)
  11 insubstantial wisps (Swamp:1)
  13 swamp worms
  An acid dragon (D:14)
  4 wargs
  10 water moccasins
  4 hell hounds (D:12)
  11 porcupines
  8 swamp drakes
  15 orc warriors
  4 sky beasts
  6 ice beasts
  2 necrophages
  2 phantoms
  An eye of draining (D:14)
  16 wolves
  37 ogres
  18 crocodiles
  9 centaurs
  5 boggarts (D:14)
  18 bullfrogs
  2 gnoll sergeants
  A wyvern zombie (D:15)
  A water moccasin zombie (D:5)
  A wyvern skeleton (D:14)
  5 scorpions
  6 killer bees (D:9)
  9 wights
  An electric eel (Lair:2)
  6 crimson imps
  A bullfrog zombie (D:6)
  8 hounds
  8 jellies
  17 orc wizards
  A quasit (D:11)
  12 orc priests
  Jessica (D:3)
  3 bullfrog skeletons
  5 centaur skeletons
  3 iguanas
  14 worker ants
  2 hound zombies (D:5)
  A hound skeleton (D:4)
  A worker ant zombie (D:7)
  A howler monkey zombie (D:6)
  20 gnolls
  12 adders
  7 shadow imps
  4 oozes
  2 adder skeletons
  4 worms
  A dart slug (D:2)
  5 leopard geckos
  68 orcs
  4 ball pythons
  2 giant cockroaches
  2 goblins
  9 hobgoblins
  11 jackals
  16 kobolds
  3 quokkas
  6 bats
  8 frilled lizards
  A jackal skeleton (D:4)
  A quokka skeleton (D:5)
  8 rats
  10 fungi
  12 plants
1003 creatures vanquished.

Vanquished Creatures (collateral kills)
  A hydra (D:11)
1 creature vanquished.

Vanquished Creatures (others)
  A wizard (D:15)
  2 elephants (Lair:6)
  A komodo dragon (Lair:6)
  A blink frog (Lair:5)
  6 yaks
  An ice beast (D:13)
  2 bullfrogs
  A leopard gecko skeleton (D:8)
  22 fungi
  23 plants
60 creatures vanquished.

Grand Total: 1064 creatures vanquished

Notes
Turn   | Place    | Note
-------+----------+-------------------------------------------
     0 | D:1      | MalkierKing the Minotaur Berserker began the quest for the Orb.
     0 | D:1      | Reached XP level 1. HP: 19/19 MP: 0/0
   445 | D:1      | Reached XP level 2. HP: 27/27 MP: 1/1
   692 | D:1      | Reached skill level 4 in Axes
   873 | D:2      | Reached ** piety under Trog
   935 | D:2      | Reached XP level 3. HP: 33/33 MP: 2/2
   954 | D:2      | Noticed Sigmund
   965 | D:2      | Killed Sigmund
   965 | D:2      | Reached XP level 4. HP: 23/41 MP: 3/3
   965 | D:2      | Reached XP level 5. HP: 26/47 MP: 4/4
  1342 | D:2      | Reached skill level 5 in Fighting
  1342 | D:2      | Reached skill level 5 in Axes
  2065 | D:3      | Noticed Jessica
  2069 | D:3      | Killed Jessica
  2166 | D:3      | Reached *** piety under Trog
  2177 | D:3      | Reached XP level 6. HP: 55/56 MP: 5/5
  2558 | D:4      | Found a staircase to the Ecumenical Temple.
  2568 | Temple   | Entered the Ecumenical Temple
  3470 | D:5      | Entered Level 5 of the Dungeon
  3484 | D:5      | Reached XP level 7. HP: 57/62 MP: 6/6
  3487 | D:5      | Reached skill level 5 in Armour
  3499 | D:5      | Reached skill level 6 in Axes
  3535 | D:5      | Reached **** piety under Trog
  3613 | D:5      | Reached skill level 5 in Dodging
  3718 | D:5      | Found an opulent altar of Gozag.
  3743 | D:5      | Noticed a hippogriff
  3754 | D:5      | Killed a hippogriff
  3754 | D:5      | Reached XP level 8. HP: 65/71 MP: 7/7
  4045 | D:6      | Reached skill level 7 in Axes
  4552 | D:6      | Noticed Grinder
  4695 | D:6      | Paralysed by Grinder for 3 turns
  4698 | D:6      | Killed Grinder
  4698 | D:6      | Reached XP level 9. HP: 52/81 MP: 8/8
  4701 | D:6      | Reached skill level 8 in Axes
  4702 | D:6      | Reached ***** piety under Trog
  5944 | D:7      | Reached skill level 1 in Crossbows
  6607 | D:8      | Reached skill level 9 in Axes
  7195 | D:8      | Found a white marble altar of Elyvilon.
  7292 | D:8      | Reached XP level 10. HP: 91/91 MP: 9/9
  7476 | D:9      | Received a gift from Trog
  7533 | D:9      | Noticed a two-headed ogre
  7544 | D:9      | Killed a two-headed ogre
  7884 | D:9      | Reached skill level 10 in Fighting
  7902 | D:9      | Reached skill level 10 in Axes
  8193 | D:9      | Reached skill level 5 in Crossbows
  8487 | D:9      | Noticed a tengu warrior
  8532 | D:9      | Killed a tengu warrior
  8539 | D:9      | Reached skill level 10 in Armour
  8539 | D:9      | Reached XP level 11. HP: 54/101 MP: 10/10
  8541 | D:9      | Received a gift from Trog
  9305 | D:10     | Entered Level 10 of the Dungeon
  9305 | D:10     | Found Amelep's Distillery.
  9308 | D:10     | Bought a potion of curing for 36 gold pieces
  9343 | D:10     | Found a staircase to the Orcish Mines.
  9417 | D:10     | Noticed a two-headed ogre
  9425 | D:10     | Killed a two-headed ogre
  9793 | D:10     | Noticed Sonja
  9812 | D:10     | Killed Sonja
 10052 | D:10     | Noticed Gastronok
 10070 | D:10     | Reached skill level 11 in Axes
 10078 | D:10     | Killed Gastronok
 10078 | D:10     | Reached skill level 10 in Dodging
 10187 | D:10     | Bought a potion of flight for 36 gold pieces
 10264 | D:10     | Found a staircase to the Lair.
 10283 | D:10     | Received a gift from Trog
 10534 | D:10     | Noticed Fannar
 10544 | D:10     | Killed Fannar
 10867 | Lair:1   | Entered Level 1 of the Lair of Beasts
 11554 | Lair:1   | Reached XP level 12. HP: 89/110 MP: 11/11
 11933 | Lair:2   | Found a hole to the Spider Nest.
 12418 | Lair:2   | Received a gift from Trog
 12432 | Lair:2   | Reached skill level 12 in Axes
 12967 | Lair:2   | Found a staircase to the Swamp.
 14326 | Lair:3   | Reached skill level 13 in Axes
 15239 | Lair:4   | Noticed a six-headed hydra
 15259 | Lair:4   | Killed a ten-headed hydra
 15271 | Lair:4   | Reached XP level 13. HP: 117/119 MP: 12/12
 15479 | Lair:4   | Received a gift from Trog
 16012 | Lair:4   | Found the +18 shield of the Gong {rElec rN+ MR+ EV-5}
 16129 | Lair:4   | Received a gift from Trog
 16519 | Lair:5   | Reached skill level 14 in Axes
 16623 | Lair:5   | Found a staircase to the Slime Pits.
 17289 | Lair:6   | Entered Level 6 of the Lair of Beasts
 17992 | Lair:6   | Reached skill level 15 in Axes
 18157 | Lair:6   | Reached XP level 14. HP: 66/129 MP: 11/13
 18338 | Lair:5   | Reached skill level 10 in Crossbows
 18341 | Lair:5   | Received a gift from Trog
 20428 | Spider:1 | Entered Level 1 of the Spider Nest
 20536 | Spider:1 | Received a gift from Trog
 20750 | Spider:1 | Found a transporter.
 20954 | Spider:1 | Gained mutation: You are clumsy. (Dex -2) [mutagenic glow]
 20972 | Spider:1 | Gained mutation: Your body sometimes deteriorates upon taking damage. [mutagenic glow]
 20976 | Spider:1 | Found a transporter.
 20982 | Spider:1 | Got a flickering silver ring
 21027 | Spider:1 | Got a scintillating turquoise ring
 21032 | Spider:1 | Identified the ring "Xutergh" {*Tele rPois Str+4 Int+3 Dex-4} (You found it on level 1 of the Spider Nest)
 21034 | Spider:1 | Identified the ring of Compassion {rElec rC+ rN+ Str-5} (You found it on level 1 of the Spider Nest)
 21238 | Spider:2 | Noticed an emperor scorpion
 21274 | Spider:2 | Killed an emperor scorpion
 22619 | Spider:2 | Reached skill level 16 in Axes
 23402 | Spider:2 | Noticed Frances
 23440 | Spider:2 | Killed Frances
 24304 | Spider:2 | Received a gift from Trog
 24310 | Spider:2 | Reached XP level 15. HP: 78/138 MP: 12/14
 25112 | Spider:3 | Killed a ghost moth
 25619 | Spider:3 | Identified a scroll of acquirement
 26047 | Spider:3 | Killed a ghost moth
 26765 | Spider:3 | Reached skill level 17 in Axes
 27421 | Spider:4 | Entered Level 4 of the Spider Nest
 27522 | Spider:4 | Paralysed by a hornet for 2 turns
 27545 | Spider:3 | HP: 1/139 [wolf spider (11)]
 28165 | Orc:1    | Entered Level 1 of the Orcish Mines
 28182 | Orc:1    | Noticed Maurice
 28317 | Orc:1    | Paralysed by Maurice for 2 turns
 28325 | Orc:1    | Killed Maurice
 28418 | Orc:1    | Received a gift from Trog
 28596 | Orc:2    | Entered Level 2 of the Orcish Mines
 28677 | Orc:2    | Paralysed by an orc sorcerer for 2 turns
 29626 | Orc:2    | Paralysed by an orc sorcerer for 6 turns
 29633 | Orc:2    | Paralysed by an ogre mage for 3 turns
 30118 | Orc:2    | Found Cutaoruc's Antique Weapon Shop.
 30649 | Orc:2    | Found Kafuxiol's Distillery.
 30654 | Orc:2    | Found Evyt Nag's Assorted Antiques.
 30660 | Orc:2    | Found Oseceute's Antique Armour Boutique.
 30771 | Orc:2    | Found a roughly hewn altar of Beogh.
 30945 | Orc:2    | Found Uwnigeck's Distillery.
 30946 | Orc:2    | Reached ****** piety under Trog
 30965 | Orc:2    | Received a gift from Trog
 31304 | Orc:2    | Reached skill level 15 in Fighting
 31375 | Orc:2    | Found a staircase to the Elven Halls.
 31486 | Orc:2    | Bought a potion of agility for 60 gold pieces
 31486 | Orc:2    | Bought a potion of heal wounds for 75 gold pieces
 31486 | Orc:2    | Bought a potion of might for 60 gold pieces
 31486 | Orc:2    | Bought a potion of curing for 45 gold pieces
 31486 | Orc:2    | Bought a potion of curing for 45 gold pieces
 31564 | Orc:1    | Noticed Harold
 31570 | Orc:1    | Killed Harold
 31728 | Orc:2    | Bought a potion of heal wounds for 70 gold pieces
 31728 | Orc:2    | Bought a potion of heal wounds for 70 gold pieces
 31728 | Orc:2    | Bought a potion of heal wounds for 70 gold pieces
 32738 | D:11     | Reached XP level 16. HP: 65/149 MP: 7/15
 33031 | D:11     | Got the broad axe "Newtbane" {freeze}
 33035 | D:11     | Reached skill level 18 in Axes
 33167 | D:11     | Lost intelligence.
 33167 | D:11     | Identified the +1 broad axe "Newtbane" {freeze, rPois rF- rC+++ Int-5} (You found it on level 11 of the Dungeon)
 33253 | D:11     | Found a portal to a secret trove of treasure.
 33974 | D:12     | Noticed Snorg
 33980 | D:12     | Killed Snorg
 34231 | D:12     | Noticed Azrael
 34402 | D:12     | Found a blossoming altar of Fedhas.
 34545 | D:12     | Killed Azrael
 34545 | D:12     | Reached skill level 15 in Armour
 35154 | D:13     | Noticed Kirke
 35360 | D:13     | Killed Kirke
 35794 | D:13     | Received a gift from Trog
 36465 | D:14     | Received a gift from Trog
 37045 | D:14     | Received a gift from Trog
 37103 | D:14     | Paralysed by an ogre mage for 5 turns
 37112 | D:14     | Paralysed by an ogre mage for 7 turns
 37472 | D:14     | Found a shadowy altar of Dithmenos.
 37772 | D:14     | Found a gate to the Vaults.
 38064 | D:15     | Entered Level 15 of the Dungeon
 38133 | D:15     | Found a flickering gateway to a bazaar.
 38139 | Bazaar   | Entered a bazaar
 38140 | Bazaar   | Found Gaamu's Armour Shoppe.
 38148 | Bazaar   | Bought a +0 pair of boots of running for 283 gold pieces
 38149 | Bazaar   | Found Ustran's Weapon Boutique.
 38149 | Bazaar   | Found Herr's Weapon Boutique.
 38164 | Bazaar   | Found Sago's Jewellery Emporium.
 38388 | D:15     | Noticed Louise
 38403 | D:15     | Killed Louise
 38567 | D:15     | Found a stormy altar of Qazlal.
 38993 | D:15     | Reached skill level 19 in Axes
 39464 | D:15     | HP: 7/151 [two-headed ogre/giant club (11)]
 40076 | D:15     | Received a gift from Trog
 40093 | D:15     | Found a staircase to the Depths.
 40554 | Swamp:1  | Entered Level 1 of the Swamp
 40634 | Swamp:1  | Reached XP level 17. HP: 102/158 MP: 11/16
 42220 | Swamp:2  | Got a pair of spiked gloves
 42232 | Swamp:2  | Identified the +1 pair of gloves of the Peasants {+Fly rN+++ Int-4 Stlth-} (You acquired it on level 2 of the Swamp)
 42232 | Swamp:2  | Lost intelligence.
 42456 | Swamp:2  | Noticed a tentacled monstrosity
 42475 | Swamp:2  | Killed a tentacled monstrosity
 43254 | Swamp:2  | Received a gift from Trog
 45096 | Swamp:4  | Entered Level 4 of the Swamp
 45436 | Swamp:3  | HP: 8/238 [nine-headed hydra (4)]
 45436 | Swamp:3  | HP: 1/238 [nine-headed hydra (7)]
 45436 | Swamp:3  | Slain by an eight-headed hydra

Skill      XL: |  1  2  3  4  5  6  7  8  9 10 11 12 13 14 15 16 17 |
---------------+----------------------------------------------------+-----
Fighting       | 4 5 6 8 9 10 11 12 13 14 15 16 | 16.3
Axes           | 4 5 6 7 9 10 11 13 15 16 17 19 | 19.8
Armour         | 3 4 5 7 8 10 11 12 13 14 15 16 | 16.0
Dodging        | 3 4 5 6 8 9 10 11 12 13 14 | 14.9
Crossbows      | 3 5 7 8 9 11 12 13 | 13.4

Action                   |  1- 3 |  4- 6 |  7- 9 | 10-12 | 13-15 | 16-18 || total
-------------------------+-------+-------+-------+-------+-------+-------++-------
Melee: Hand axe          |    47 |   110 |       |       |       |       ||   157
       Headbutt          |    11 |    27 |    45 |   133 |   184 |   136 ||   536
       Unarmed           |       |     1 |       |       |       |       ||     1
       Battleaxe         |       |    39 |   273 |   563 |   393 |   181 ||  1449
       Broad axe         |       |       |       |       |   279 |       ||   279
       Executioner's axe |       |       |       |       |   268 |   526 ||   794
       Triple crossbow   |       |       |       |       |       |     1 ||     1
 Fire: Arbalest          |       |       |     6 |       |       |       ||     6
       Hand crossbow     |       |       |       |    18 |    63 |       ||    81
       Triple crossbow   |       |       |       |       |    49 |    55 ||   104
Throw: Tomahawk          |       |       |     2 |       |       |       ||     2
Invok: Burn Spellbooks   |       |       |     2 |     2 |     2 |     2 ||     8
       Berserk           |       |       |       |     1 |     3 |     3 ||     7
       Trog's Hand       |       |       |       |       |     3 |     1 ||     4
       Brothers in Arms  |       |       |       |       |     2 |       ||     2
Evoke: Wand              |       |       |       |       |     1 |     3 ||     4
       Phial of floods   |       |       |       |       |       |     1 ||     1
  Use: Scroll            |       |     1 |     3 |     3 |    21 |     6 ||    34
       Potion            |       |       |       |     1 |    15 |     7 ||    23
  Eat: Chunk             |       |     8 |     6 |    12 |    26 |    12 ||    64
       Ration            |       |       |     3 |     4 |    11 |     9 ||    27
Armor: Chain mail        |    30 |    15 |       |       |   470 |       ||   515
       Plate armour      |       |    11 |    62 |   376 |   182 |       ||   631
       Ring mail         |       |    29 |    52 |       |       |       ||    81
       Ice dragon scales |       |       |       |       |       |   251 ||   251
       Swamp dragon scal |       |       |       |       |       |   185 ||   185
Dodge: Dodged            |    31 |    79 |   228 |   349 |  1031 |   977 ||  2695
       Deflected         |       |       |       |       |    10 |    18 ||    28
